Map: 死亡光環 - 天梯版

Players

Naxin

  • Race: Terran Terran
  • Spawn Location: 5:00

Yoger - Winner!

  • Race: Zerg Zerg
  • League: Master
  • Spawn Location: 11:00

Event: DreamHack SC2 Masters 2020 Winter

VOD

Have the link to the VOD?

Description

Time

  • Played on: Oct. 15, 2020, 8:02 a.m.
  • Length: 20:47

All games in this series

Show
View Real Time Build Order
Export as new Build Order

Naxin Terran 

Build Orders: Hellion Opening, Reaper Expand, Mech 

Get SALT Encoding   

  12  0:00  SCV  
  13  0:12  SCV  
  14  0:17  Supply Depot  
  14  0:24  SCV  
  15  0:38  SCV  
  15  0:40  Barracks  
  16  0:44  Refinery  
  16  0:50  SCV  
  17  1:02  SCV  
  18  1:14  SCV  
  19  1:27  Orbital Command, Reaper  
  20  1:39  Command Center  
  20  1:46  Supply Depot  
  20  1:52  SCV  
  21  1:59  Marine  
  22  2:05  SCV  
  23  2:08  Bunker  
  23  2:15  Factory  
  23  2:17  SCV  
  23  2:22  Barracks Reactor  
  24  2:26  Refinery  
  24  2:29  SCV  
  25  2:41  SCV  
  26  2:53  SCV  
  26  2:55  Orbital Command  
  27  3:02  Starport  
  27  3:05  SCV, Hellion x2  
  32  3:09  Barracks Tech Lab  
  32  3:16  Supply Depot  
  32  3:17  SCV  
  33  3:20  SCV  
  38  3:27  Hellion x2  
  38  3:29  SCV  
  38  3:32  SCV  
  40  3:40  Fusion Core  
  40  3:41  SCV  
  40  3:44  SCV  
  46  3:48  Hellion x2  
  46  3:53  SCV  
  48  3:57  SCV  
  48  3:59  Supply Depot  
  48  4:05  SCV  
  48  4:09  SCV  
  54  4:10  Hellion x2  
  54  4:21  SCV x2  
  54  4:22  Supply Depot  
  60  4:31  Supply Depot, Hellion x2  
  60  4:34  SCV  
  60  4:36  SCV  
  62  4:44  Battlecruiser  
  67  4:52  Hellion  
  67  4:53  Hellion  
  67  4:57  SCV x2  
  65  5:09  SCV x2, Command Center  
  65  5:11  Supply Depot  
  65  5:14  Hellion x2  
  71  5:16  Refinery  
  71  5:17  Refinery  
  71  5:21  SCV x2  
  73  5:33  SCV x2  
  73  5:35  Supply Depot, Hellion x2  
  79  5:42  Supply Depot  
  79  5:45  SCV x2  
  81  5:56  Battlecruiser  
  81  5:57  SCV x2, Hellion x2  
  85  6:09  SCV x2  
  87  6:15  Barracks Tech Lab  
  87  6:18  Hellion x2  
  91  6:20  Factory  
  91  6:21  SCV x2  
  91  6:23  Orbital Command  
  91  6:24  Factory  
  93  6:31  Refinery  
  93  6:33  SCV x2  
  93  6:35  Refinery  
  95  6:43  Command Center  
  95  6:44  Armory  
  95  6:45  SCV  
  95  6:46  SCV  
  97  6:47  Armory  
  97  6:49  SCV  
  98  6:58  Widow Mine x2, SCV x2  
  104  7:01  SCV  
  104  7:05  Factory Tech Lab  
  105  7:10  SCV x2  
  105  7:13  SCV, Starport Tech Lab  
  108  7:18  Cyclone x2  
  108  7:22  SCV x2  
  116  7:23  Infernal Pre-Igniter  
  116  7:24  Supply Depot  
  116  7:25  Supply Depot, SCV  
  117  7:31  Engineering Bay  
  117  7:32  Supply Depot  
  117  7:35  Supply Depot  
  117  7:37  Supply Depot  
  117  7:41  SCV x2  
  117  7:46  Widow Mine x2, SCV  
  117  7:49  Supply Depot  
  128  7:51  Battlecruiser  
  128  7:53  SCV x2  
  128  7:58  Siege Tank  
  133  8:00  Siege Tank  
  133  8:03  SCV  
  137  8:12  Terran Vehicle Weapons Level 1  
  137  8:14  Factory  
  137  8:15  Factory, Supply Depot  
  137  8:18  Terran Vehicle And Ship Armor Level 1  
  137  8:22  Widow Mine x2  
  141  8:31  Siege Tank  
  141  8:32  Siege Tank  
  147  8:34  Missile Turret  
  147  8:35  Missile Turret  
  147  8:36  Missile Turret  
  147  8:39  Supply Depot  
  147  8:44  Widow Mine x2  
  151  8:48  Supply Depot  
  155  8:55  Battlecruiser  
  155  9:01  Factory Tech Lab, Factory Reactor  
  155  9:04  Siege Tank x2  
  159  9:24  Planetary Fortress  
  159  9:25  Missile Turret  
  159  9:27  SCV x3, Command Center  
  160  9:35  Thor  
  160  9:36  Refinery  
  160  9:38  Thor  
  172  9:39  SCV  
  171  9:46  Refinery  
  171  9:47  Thor  
  177  9:55  Command Center  
  177  9:58  Hellion x4  
  185  10:08  Missile Turret  
  185  10:10  Missile Turret x3  
  185  10:12  Missile Turret  
  185  10:18  Thor  
  185  10:20  Sensor Tower  
  191  10:22  Sensor Tower  
  191  10:26  Thor  
  195  10:42  Thor  
  195  10:44  Command Center  
  195  10:47  Refinery  
  195  10:49  Refinery  
  195  10:55  Terran Vehicle Weapons Level 2  
  195  10:57  Terran Vehicle And Ship Armor Level 2  
  195  10:59  Sensor Tower  
  195  11:00  Hellion x2, Sensor Tower  
  199  11:04  Weapon Refit  
  199  11:20  Refinery  
  199  11:22  Refinery  
  199  11:35  Orbital Command  
  199  11:36  Missile Turret  
  199  11:37  Command Center  
  195  11:43  Siege Tank x2  
  198  11:50  Hellion  
  190  11:56  Battlecruiser  
  190  11:57  Hellion x2  
  198  12:03  Sensor Tower  
  198  12:08  SCV x2  
  183  12:12  Thor  
  189  12:20  Siege Tank x2, Hellion x2  
  182  12:29  SCV  
  158  12:30  SCV x3  
  159  12:39  Orbital Command  
  159  12:41  SCV  
  160  12:47  SCV x2  
  162  12:51  SCV  
  162  12:52  Thor  
  162  12:55  Hellion  
  162  12:56  Hellion x2  
  162  12:57  SCV  
  176  13:05  SCV x2  
  178  13:06  SCV x2  
  178  13:07  Planetary Fortress  
  178  13:12  SCV  
  181  13:16  Battlecruiser  
  187  13:22  Hellion x4  
  178  13:35  Hellion  
  178  13:36  Thor x2, Siege Tank  
  178  13:39  SCV x2  
  178  13:40  SCV  
  195  13:44  Hellion  
  195  13:45  Hellion  
  199  13:52  Terran Vehicle Weapons Level 3  
  199  13:56  Terran Vehicle And Ship Armor Level 3  
  189  14:11  Thor  
  189  14:16  Sensor Tower  
  189  14:17  Refinery x2  
  195  14:26  Missile Turret x2  
  195  14:36  SCV  
  192  14:49  Missile Turret  
  192  14:50  Missile Turret  
  192  14:51  Missile Turret  
  192  14:52  Thor  
  198  15:10  Raven  
  200  15:15  Command Center  
  200  15:17  Command Center  
  200  15:22  Command Center  
  189  15:35  Siege Tank x2  
  189  15:42  Siege Tank  
  194  15:53  Hellion x3  
  194  15:54  Battlecruiser  
  200  16:03  Hellion  
  190  16:07  Siege Tank  
  190  16:08  Siege Tank  
  190  16:14  Siege Tank, Hellion x2  
  185  16:26  Hellion  
  185  16:29  Planetary Fortress  
  185  16:31  Missile Turret  
  187  16:39  Thor, Orbital Command  
  190  16:40  Siege Tank  
  190  16:41  Planetary Fortress  
  190  16:43  Missile Turret  
  196  16:51  Missile Turret  
  190  16:54  Hellion x3  
  171  17:05  Thor  
  177  17:10  SCV x3  
  177  17:11  SCV x3  
  171  17:17  Battlecruiser  
  171  17:22  SCV  
  178  17:34  Thor x2  
  184  17:47  Thor  
  184  17:48  SCV  
  182  17:51  Missile Turret  
  182  17:53  Missile Turret  
  182  18:00  Hellion  
  182  18:01  Hellion x2  
  188  18:17  Siege Tank x2  
  194  18:20  Hellion  
  194  18:25  Hellion x2  
  192  18:35  Siege Tank  
  179  18:49  Siege Tank x2  
  191  18:56  Hi-Sec Auto Tracking  
  189  19:07  Siege Tank  
  188  19:21  Siege Tank x2  
  188  19:23  Starport  
  194  19:24  Starport  
  194  19:30  Sensor Tower  
  166  19:46  Siege Tank  
  166  19:47  Hellion  
  166  19:49  Hellion x2  
  166  19:50  Hellion  
  108  19:53  Siege Tank x2  
  85  20:08  Hellion  
  85  20:10  Hellion x2  
  85  20:12  Hellion  
Show
View Real Time Build Order
Export as new Build Order

Yoger Zerg - Winner!

Build Orders: Hatch First 

Get SALT Encoding   

  12  0:00  Drone  
  13  0:12  Overlord  
  13  0:17  Drone  
  14  0:31  Drone x2  
  16  0:48  Hatchery  
  15  0:52  Drone  
  15  0:56  Drone  
  17  0:59  Drone  
  18  1:10  Extractor  
  17  1:15  Spawning Pool  
  16  1:19  Drone  
  16  1:22  Drone  
  18  1:29  Drone  
  20  1:40  Drone  
  20  1:53  Drone  
  21  2:02  Queen x2, Overlord  
  21  2:03  Zergling x2  
  26  2:11  Zergling x2  
  26  2:13  Metabolic Boost  
  27  2:17  Drone  
  28  2:32  Hatchery  
  28  2:34  Drone  
  28  2:40  Drone x2  
  30  2:45  Drone x2  
  30  2:48  Overlord  
  32  2:54  Drone x2  
  34  3:01  Queen  
  36  3:08  Drone x2  
  36  3:12  Drone x3  
  41  3:18  Overlord  
  41  3:20  Drone  
  42  3:29  Overlord  
  42  3:31  Drone  
  43  3:37  Queen  
  43  3:40  Drone x2  
  47  3:46  Drone x2, Queen  
  47  3:47  Zergling x2  
  47  3:48  Zergling x4  
  53  3:57  Zergling x4  
  55  4:05  Zergling x2  
  55  4:09  Drone x5  
  61  4:17  Lair  
  61  4:20  Drone x3  
  61  4:21  Drone  
  61  4:22  Baneling Nest  
  64  4:26  Queen  
  64  4:27  Extractor  
  64  4:29  Overlord  
  64  4:30  Overlord x2  
  65  4:33  Spore Crawler  
  65  4:35  Spore Crawler  
  65  4:38  Spore Crawler  
  59  4:51  Drone x7  
  62  4:53  Drone  
  62  4:54  Drone x2  
  62  4:58  Drone x3  
  67  5:03  Zergling x2  
  67  5:04  Zergling x6  
  71  5:12  Drone  
  71  5:13  Drone  
  73  5:14  Drone  
  73  5:20  Hatchery  
  73  5:23  Zergling x2  
  73  5:27  Centrifical Hooks  
  73  5:29  Zergling x8  
  73  5:30  Zergling x2  
  73  5:33  Overseer  
  73  5:34  Extractor  
  77  5:35  Queen  
  77  5:38  Extractor  
  77  5:39  Extractor, Queen  
  77  5:40  Queen  
  81  5:43  Overlord x2  
  81  5:48  Extractor  
  80  5:53  Overlord  
  78  6:13  Spire  
  74  6:19  Drone  
  74  6:20  Drone x5  
  80  6:28  Drone x4  
  80  6:29  Drone  
  82  6:34  Queen  
  82  6:35  Roach Warren  
  82  6:36  Drone x4  
  82  6:37  Drone x4  
  91  6:48  Drone x3  
  91  6:49  Drone  
  91  6:52  Drone  
  91  6:53  Overlord  
  96  6:57  Drone  
  96  6:58  Drone x4  
  101  7:06  Baneling x2  
  101  7:13  Zergling x10  
  106  7:20  Glial Reconstitution  
  106  7:21  Hatchery  
  105  7:23  Drone x2  
  105  7:26  Evolution Chamber, Roach x2  
  105  7:27  Evolution Chamber  
  105  7:29  Overlord x3  
  109  7:30  Overlord  
  109  7:33  Overlord x2  
  109  7:39  Overlord x2  
  109  7:43  Overlord  
  109  7:49  Drone x6  
  109  7:50  Roach x9  
  133  7:57  Roach x4  
  133  7:58  Zerg Missile Weapons Level 1  
  141  7:59  Zerg Melee Weapons Level 1  
  141  8:05  Corruptor x2  
  141  8:09  Corruptor  
  147  8:14  Corruptor  
  147  8:15  Corruptor  
  151  8:21  Corruptor  
  151  8:22  Corruptor  
  151  8:23  Corruptor x2  
  151  8:26  Overlord x2  
  159  8:31  Drone x2, Extractor x2  
  159  8:32  Drone  
  160  8:39  Corruptor x3  
  166  8:52  Overseer  
  166  8:53  Pneumatized Carapace  
  166  8:59  Queen  
  166  9:06  Hatchery  
  166  9:08  Ravager x6  
  171  9:16  Roach x2, Zergling x18  
  171  9:17  Zergling x4  
  185  9:27  Overseer  
  185  9:29  Drone  
  185  9:30  Infestation Pit  
  185  9:32  Overlord x2  
  185  9:40  Zergling x18  
  188  9:51  Baneling  
  188  9:52  Baneling x10  
  188  10:13  Baneling x6  
  188  10:16  Zergling x2  
  188  10:17  Zergling x22  
  200  10:26  Hive  
  200  10:27  Pathogen Glands  
  200  10:28  Burrow  
  186  10:46  Corruptor x3  
  186  10:49  Zerg Missile Weapons Level 2, Zerg Melee Weapons Level 2  
  192  11:03  Ravager x4  
  196  11:17  Zergling x2  
  196  11:18  Zergling x6  
  200  11:20  Baneling x6  
  200  11:21  Baneling x4  
  200  11:23  Neural Parasite  
  200  11:25  Hatchery  
  199  11:30  Infestor x2  
  179  11:54  Infestor  
  179  11:55  Infestor x2  
  179  11:56  Roach  
  179  11:57  Zergling x18, Roach x3  
  194  12:06  Roach, Zergling x10  
  194  12:08  Overlord x2  
  190  12:15  Overlord x2  
  190  12:16  Overlord  
  189  12:26  Zergling x28  
  191  12:32  Zerg Flyer Weapons Level 1  
  186  12:39  Ravager x3  
  186  12:40  Ravager x2  
  186  12:41  Roach x3, Zergling x6  
  200  12:52  Hatchery  
  199  13:04  Spine Crawler  
  199  13:05  Spine Crawler  
  193  13:06  Spine Crawler  
  191  13:16  Roach, Zergling x16  
  191  13:19  Baneling  
  199  13:20  Baneling x9  
  175  13:42  Zerg Ground Armor Level 1  
  175  13:43  Ultralisk Cavern, Zerg Missile Weapons Level 3  
  174  13:49  Spine Crawler  
  174  13:51  Spine Crawler  
  172  14:00  Ravager x2  
  172  14:02  Roach x3  
  180  14:03  Infestor x3  
  180  14:06  Roach, Zergling x14  
  180  14:07  Zergling x10  
  198  14:23  Ravager x2  
  187  14:53  Roach x3  
  187  14:54  Chitinous Plating  
  187  14:56  Overseer x2  
  189  15:05  Infestor x2  
  185  15:20  Corruptor x2  
  181  15:34  Roach x3  
  181  15:35  Roach x11  
  166  15:38  Roach x2, Zergling x10  
  166  15:39  Zergling x8, Corruptor x2  
  166  15:40  Corruptor  
  182  15:49  Zergling x20, Roach  
  176  16:07  Ultralisk, Zergling x2  
  176  16:08  Zergling x18  
  181  16:12  Anabolic Synthesis, Ravager x3  
  181  16:13  Ravager  
  170  16:20  Ultralisk, Zergling x8  
  170  16:22  Ravager  
  170  16:23  Ravager x2  
  183  16:28  Zerg Melee Weapons Level 3, Zerg Ground Armor Level 2  
  183  16:30  Roach  
  183  16:31  Roach x7  
  178  16:41  Ultralisk  
  167  16:55  Roach, Zergling x30  
  176  17:04  Hatchery  
  165  17:13  Ultralisk, Zergling x2  
  165  17:14  Zergling x24  
  183  17:17  Infestor x3  
  189  17:27  Infestor  
  189  17:28  Infestor x2  
  195  17:30  Zergling x10  
  195  17:36  Baneling x2  
  195  17:37  Baneling x4  
  185  17:48  Roach  
  185  17:49  Ultralisk, Zergling x8  
  185  17:50  Zergling x4  
  174  17:53  Roach x2, Zergling x2  
  175  18:00  Ultralisk, Zergling x10  
  173  18:11  Ultralisk, Zergling x18  
  186  18:15  Corruptor  
  186  18:18  Corruptor  
  186  18:19  Corruptor  
  177  18:40  Ultralisk x2, Zergling x18  
  177  18:41  Zergling x2  
  191  18:43  Baneling x11  
  188  18:51  Corruptor  
  188  18:52  Corruptor  
  182  19:05  Roach x8  
  182  19:08  Drone x2  
  182  19:09  Drone x3  
  194  19:20  Ravager x2  
  194  19:21  Ravager x2  
  194  19:28  Overlord x2  
  173  19:49  Zergling x2  
  173  19:50  Zergling x16  
  131  20:00  Zergling x2  
  131  20:01  Zergling x10  
  137  20:08  Ravager  
  132  20:26  Roach x3, Zergling x2  
  132  20:27  Zergling x12  
Tags
 
Add a new tag
Caveats
  • Supply blocks, unpowered buildings, or Contaminate may cause inaccurate times.
  • Supply counts are checked every 10 seconds.